 Dungeon Crawl Stone Soup version 0.28.0-43-g3370ac3207 (webtiles) character file.

Game seed: 17905978308408223747

95765 Pemander the Eclecticist (level 16, -11/113 HPs)
             Began as a Djinni Hedge Wizard on Apr 1, 2022.
             Was the Champion of Hepliaklqana.
             Mangled by an eleionoma (12 damage)
             ... on level 1 of the Swamp on Apr 2, 2022.
             The game lasted 01:23:12 (29828 turns).

Pemander the Eclecticist (Djinni Hedge Wizard)     Turns: 29828, Time: 01:23:13

Health: -11/113    AC:  9    Str:  9    XL:     16   Next: 64%
Gold:   1458       EV: 25    Int: 38    God:    Hepliaklqana [******] SH:  0 Dex: 25

rFire   + + +      SeeInvis +   l - +1 long sword of Qiwel {pain, rC- Int+9 Dex+2}
rCold   . . .      Faith    .   (no shield)
rNeg    . . .      Spirit   +   P - +2 robe {Archmagi}
rPois   ∞          Reflect  .   c - +2 hat
rElec   +          Harm     .   w - scarf {repulsion}
rCorr   +          Rampage  .   y - +2 pair of gloves of the Hidden Vale {*Slow rPois rC+ Regen+}
Will    ++...      Archmagi +   (boots unavailable)
Stlth   +++.......              u - amulet of Tucaxz Reriy {Spirit rC+ Regen+}
HPRegen 1.88/turn               h - ring of Recklessness {rPois Int+6 Dex+9}
MPRegen 0.00/turn               L - ring "Osedufyn" {rElec rPois rF+ Will+ rCorr SInv}

@: flying, repel missiles
A: reduced essence, sickness immunity, fire resistance 2, cold vulnerability 1,
float, innate caster, HP casting, extra vitality 1
a: Renounce Religion, Recall Ancestor, Ancestor Identity, Transference, Idealise


You were on level 1 of the Swamp.
You worshipped Hepliaklqana.
Hepliaklqana was exalted by your worship.
You visited 6 branches of the dungeon, and saw 26 of its levels.
You also visited: Bailey and Ice Cave.

You collected 3047 gold pieces.
You spent 1589 gold pieces at shops.

Inventory:

Hand Weapons
 f - the +8 war axe of the Howling Whale {holy, Dex+8}
   (You took it off an orc on level 9 of the Dungeon)

   It has been blessed by the Shining One to cause great damage to the undead
   and demons.
   Dex:       It affects your dexterity (+8).
 l - the +1 long sword of Qiwel (weapon) {pain, rC- Int+9 Dex+2}
   (You bought it in a shop on level 3 of the Dungeon)

   In the hands of one skilled in necromantic magic, it inflicts extra damage on
   living creatures.
   Your inability to study Necromancy prevents you from drawing on the full
   power of this weapon.
   Int:       It affects your intelligence (+9).
   Dex:       It affects your dexterity (+2).
   rC:        It makes you vulnerable to cold.
 t - a +2 whip of electrocution
Missiles
 o - 2 throwing nets
Armour
 c - a +2 hat (worn)
 w - a scarf of repulsion (worn)
 y - the +2 pair of gloves of the Hidden Vale (worn) {*Slow rPois rC+ Regen+}
   (You acquired it on level 11 of the Dungeon)

   rC:        It protects you from cold.
   rPois:     It protects you from poison.
   Regen:     It increases your rate of health regeneration.
   *Slow:     It may slow you when you take damage.
 D - a +0 cloak
 N - a +2 pair of gloves
 P - a +2 robe of the Archmagi (worn)
Magical Staves
 z - a staff of air
Jewellery
 h - the ring of Recklessness (left hand) {rPois Int+6 Dex+9}
   (You bought it in a shop on level 2 of the Orcish Mines)

   [ring of intelligence]

   Int:       It affects your intelligence (+6).
   Dex:       It affects your dexterity (+9).
   rPois:     It protects you from poison.
 u - the amulet of Tucaxz Reriy (around neck) {Spirit rC+ Regen+}
   (You took it off a spriggan on level 6 of the Lair of Beasts)

   [amulet of guardian spirit]

   It causes incoming damage to be divided between your reserves of health and
   magic.
   rC:        It protects you from cold.
   Regen:     It increases your rate of health regeneration.
 L - the ring "Osedufyn" (right hand) {rElec rPois rF+ Will+ rCorr SInv}
   (You found it in an ice cave)

   [ring of protection from fire]

   rF:        It protects you from fire.
   rElec:     It insulates you from electricity.
   rPois:     It protects you from poison.
   SInv:      It lets you see invisible.
   rCorr:     It protects you from acid and corrosion.
   Will:      It increases your willpower.
Wands
 k - a wand of flame (76)
 v - a wand of mindburst (5)
 x - a wand of iceblast (25)
 G - a wand of digging (3)
 K - a wand of acid (6)
 M - a wand of paralysis (2)
Scrolls
 a - 2 scrolls of fog {unknown}
 g - 5 scrolls of teleportation
 j - 3 scrolls of enchant weapon
 m - 2 scrolls of blinking
 n - a scroll of enchant armour
 A - a scroll of immolation
 E - a scroll of holy word
 H - a scroll of magic mapping
 I - 2 scrolls of fear
Potions
 b - a potion of invisibility {unknown}
 d - 2 potions of mutation
 e - 2 potions of brilliance
 i - 14 potions of curing
 p - 4 potions of heal wounds
 r - a potion of ambrosia {unknown}
 s - 2 potions of lignification
 B - 2 potions of haste
 C - a potion of resistance {unknown}
 F - a potion of might {unknown}
 J - 2 potions of magic {unknown}
Miscellaneous
 q - a lightning rod (4/4)


   Skills:
 - Level 15.0 Fighting
 + Level 14.0 Dodging
 - Level 4.2 Stealth
 - Level 16.0 Spellcasting


You had 10 spell levels left.
You knew the following spells:

 Your Spells              Type           Power      Damage    Failure   Level
a - Magic Dart            Conj           100%       1d8       0%          1
b - Blink                 Tloc           100%       N/A       0%          2
c - Call Imp              Summ           100%       N/A       0%          2
d - Slow                  Hex            100%       N/A       0%          1
e - Conjure Flame         Conj/Fire      100%       6-21      0%          3
f - Mephitic Cloud        Conj/Pois/Air  100%       N/A       0%          3
g - Beastly Appendage     Tmut           100%       N/A       0%          1
h - Searing Ray           Conj           100%       2d8       0%          2
i - Confusing Touch       Hex            100%       N/A       0%          3
j - Hailstorm             Conj/Ice       100%       3d20      0%          4
k - Dispel Undead         Necr           100%       3d31      0%          4
l - Lightning Bolt        Conj/Air       61%        1d84      1%          5
m - Conjure Ball Lightni  Conj/Air       61%        3x3d22    1%          6
Your spell library was empty.

Dungeon Overview and Level Annotations

Branches:
Dungeon (15/15)            Temple (1/1) D:4            Lair (6/6) D:10
  Swamp (1/4) Lair:4        Snake (1/4) Lair:4        Slime (0/5) Lair:5
    Orc (2/2) D:9             Elf (0/3) Orc:2        Vaults (0/5) D:14
 Depths (0/4) D:15         Bailey (visited)           IceCv (visited)

Altars:
Ashenzari
Cheibriados
Dithmenos
Elyvilon
Fedhas
Gozag
Hepliaklqana
Kikubaaqudgha
Makhleb
Nemelex Xobeh
Okawaru
Qazlal
Ru
Sif Muna
Trog
Uskayaw
Vehumet
Wu Jian
Xom
Yredelemnul
Zin
The Shining One
Jiyva
Lugonu

Shops:
D:3 (   D:9 [   D:12 [   D:13 (   Orc:2 [!:=*

Portals:
Abyss: Lair:6

Annotations:
D:7 Harold
Swamp:1 Donald


Innate Abilities, Weirdness & Mutations

Your life essence is reduced to manifest your ancestor. (-10% HP)
You are immune to sickness and miasma.
You are immune to poison.
Your flesh is very heat resistant. (rF++)
You are vulnerable to cold. (rC-)
You float through the air rather than walking.
You learn spells naturally, not from books.
Your magical power is your life essence.
You have superior vitality. (+4 MHP)


Message History

The bolt of lightning hits the eleionoma!!
The eleionoma is almost dead.
The mangrove smoulders and burns.
You hear a hideous shriek!
You hear a shout! x4; You hear a roar!
The eleionoma touches a tree and draws upon its vitality.
The eleionoma is healed.
Donald hits Sizwe with a +0 long sword!!
Unknown command.
The bunyip gives a hideous shriek!
The eleionoma closely misses you.
The alligator puts on a burst of speed!
The bunyip howls a warning cry!
The eleionoma splashes around in the water.
The alligator bites you but does no damage.
The alligator barely misses you.
Donald says, "The more heads they grow, the more I hate hydras."
Donald hits Sizwe but does no damage.
You hear a roar!
A goliath frog comes into view.
Donald says, "That buzzing noise?
I hate that the most."
The bunyip howls a warning cry!
Donald hits Sizwe but does no damage.
The bunyip closely misses you. The bunyip barely misses you.
The bunyip completely misses you.
You hear a shout! x2
Donald says, "If there's anything I hate more than water, it's brackish swamp water."
The alligator bites you!
* * * LOW HITPOINT WARNING * * *
The alligator tail-slaps you but does no damage.
The eleionoma completely misses you. The goliath frog hits you from afar!
* * * LOW HITPOINT WARNING * * *
You are splashed with acid.
You resist.
* * * LOW HITPOINT WARNING * * *
There is a staircase back to the Lair, spattered with blood here.
Unknown command.
The alligator misses you. The alligator barely misses you.
Donald hits Sizwe but does no damage.
The goliath frog hits you from afar.
* * * LOW HITPOINT WARNING * * *
You are splashed with acid.
You resist.
* * * LOW HITPOINT WARNING * * *
The alligator puts on a burst of speed!
The eleionoma hits you!
You die...

≈≈≈≈...)≈..≈≈≈≈♣
≈♣t≈.♣≈.≈†≈.♣..♣
≈≈≈≈≈≈≈.≈...§≈♣♣
≈≈≈≈.§≈≈♣♣..♣.♣♣
.≈≈≈§≈..t.ww≈≈.♣♣
..w≈≈.ww≈§♣♣@§..♣♣
≈§≈.≈≈≈§≈≈♣♣♣...≈♣♣
≈♣≈.≈≈≈♣≈♣♣
♣♣RRt≈♣♣♣♣
≈≈.w.♣♣♣♣♣
♣§.@x...♣ (.≈§.♣
♣♣♣♣tF≈≈..§ .≈.≈♣♣
♣≈.≈)≈≈ ♣≈♣♣ ♣♣♣♣(♣
♣♣ .


You could see the friendly Sizwe the knight, Donald (fast, strong), a bunyip, an
eleionoma (ally target), 2 alligators, a goliath frog and 2 swamp worms.

Vanquished Creatures
  Kirke (D:12)
  Frances (D:12)
  An orc warlord (Orc:2)
  An eleionoma (Swamp:1)
  A dire elephant (D:15)
  A white draconian (IceCv)
  A great orb of eyes (D:11)
  3 boulder beetles
  A catoblepas (Lair:5)
  6 hydras
  3 centaur warriors
  An anaconda (shapeshifter) (Lair:6)
  2 two-headed ogres
  A tengu warrior (D:15)
  5 death yaks
  2 orc high priests
  A deep elf knight (D:15)
  3 thrashing horrors (Lair:6)
  A swamp dragon (shapeshifter) (D:14)
  A bog body (Swamp:1)
  A wizard (D:14)
  Pikel (D:4)
  A lindwurm (Lair:6)
  6 orc knights
  2 manticores
  2 deep elf pyromancers
  A necromancer (D:14)
  4 cyclopes
  A will-o-the-wisp (Lair:4)
  6 ugly things
  5 orc sorcerers
  8 elephants
  2 ice statues (IceCv)
  3 black mambas
  A salamander (D:15)
  A gargoyle (D:12)
  13 cane toads
  An eye of devastation (D:11)
  A kobold demonologist (D:9)
  A freezing wraith (D:15)
  8 rime drakes
  3 ancient zymes (Lair:6)
  An unseen horror (D:10)
  An efreet (D:14)
  4 komodo dragons
  5 trolls
  4 polar bears
  Prince Ribbit (D:6)
  6 slime creatures
  15 blink frogs
  A centaur simulacrum (D:11)
  A snapping turtle (shapeshifter) (Lair:6)
  6 wyverns
  A hog (D:12)
  A spriggan (Lair:6)
  2 vampires
  4 wraiths
  2 ynoxinuls (Lair:6)
  43 yaks
  2 chaos spawn (Lair:6)
  2 steam dragons
  4 basilisks
  6 vampire mosquitoes
  4 wargs
  3 acid dragons
  4 small abominations (Lair:6)
  12 water moccasins
  24 orc warriors
  11 wolves
  2 necrophages (D:4)
  12 centaurs
  7 ogres
  2 lemures (D:4)
  An elf zombie (D:4)
  7 kobold brigands
  11 bullfrogs
  An elf skeleton (D:4)
  A scorpion (D:5)
  A hornet simulacrum (D:15)
  6 killer bees
  3 lindwurm simulacra (IceCv)
  6 wights
  6 howler monkeys
  2 electric eels
  A centaur zombie (D:7)
  10 komodo dragon simulacra (IceCv)
  2 hounds (D:4)
  A human zombie (D:4)
  11 orc priests
  4 iguanas
  A human skeleton (D:4)
  15 orc wizards
  3 hell rats
  A hound skeleton (D:4)
  3 gnolls
  7 acid dragon simulacra (IceCv)
  5 adders
  5 river rats (Lair:5)
  4 white imps
  An ufetubus (D:5)
  A steam dragon simulacrum (IceCv)
  An adder skeleton (D:4)
  3 worms
  A dart slug (D:4)
  62 orcs
  12 ball pythons
  9 endoplasms
  3 giant cockroaches
  2 hobgoblins
  3 jackals (D:3)
  28 kobolds
  5 quokkas
  6 bats
  4 frilled lizards
  8 goblins
  2 orc skeletons (D:4)
  13 rats
584 creatures vanquished.

Vanquished Creatures (collateral kills)
  An orc warlord (Orc:2)
  3 hydras
  A centaur warrior (D:15)
  2 death yaks
  An alligator (Swamp:1)
  2 orc high priests (Orc:2)
  A mana viper (Snake:1)
  2 ugly things (D:14)
  An orc sorcerer (D:9)
  2 black mambas
  An elephant (Lair:6)
  4 cane toads
  A smoke demon (Lair:6)
  A rime drake (Lair:6)
  3 trolls
  5 blink frogs
  3 slime creatures (D:14)
  A centaur simulacrum (D:11)
  A basilisk (Lair:6)
  10 yaks
  2 hogs (D:12)
  A steam dragon (D:8)
  A vampire mosquito (D:11)
  4 small abominations (Lair:6)
  2 wargs
  An acid dragon (D:10)
  2 water moccasins (Lair:6)
  A hornet zombie (D:8)
  An ice beast (D:7)
  8 orc warriors
  An ogre (Orc:2)
  5 wolves
  5 centaurs
  2 kobold brigands
  A bullfrog (Lair:1)
  A wyvern skeleton (D:7)
  3 killer bees
  4 wights
  A howler monkey (D:12)
  5 centaur zombies
  2 orc priests (Orc:2)
  2 orc wizards
  3 gnolls (D:8)
  2 white imps
  5 orcs
  A ball lightning (Lair:6)
112 creatures vanquished.

Vanquished Creatures (others)
  3 ancestors
  5 knights
  An orc (Orc:1)
  24 ball lightnings
  4 foxfires (Lair:4)
  46 fungi
  62 plants
145 creatures vanquished.

Grand Total: 841 creatures vanquished

Notes
Turn   | Place    | Note
-------+----------+-------------------------------------------
     0 | D:1      | Pemander the Djinni Hedge Wizard began the quest for the
                  | Orb.
     0 | D:1      | Reached XP level 1. HP: 15/15 MP: 0/0
   229 | D:1      | Reached XP level 2. HP: 16/21 MP: 0/0
   487 | D:1      | Reached skill level 3 in Spellcasting
   761 | D:1      | Reached XP level 3. HP: 22/25 MP: 0/0
   761 | D:1      | Learned a level 1 spell: Beastly Appendage
  1773 | D:2      | Reached XP level 4. HP: 30/31 MP: 0/0
  2488 | D:2      | Found a faded altar of an unknown god.
  2492 | D:2      | Reached skill level 4 in Spellcasting
  3370 | D:3      | Reached XP level 5. HP: 33/35 MP: 0/0
  3370 | D:3      | Learned a level 2 spell: Searing Ray
  3452 | D:3      | Found Kumparet's Antique Weapon Shoppe.
  3460 | D:3      | Bought a fading long sword for 144 gold pieces
  3460 | D:3      | Identified the +1 long sword of Qiwel {pain, rC- Int+9
                  | Dex+2} (You bought it in a shop on level 3 of the Dungeon)
  4151 | D:4      | Noticed a necrophage
  4406 | D:4      | Killed a necrophage
  4407 | D:4      | Reached skill level 5 in Spellcasting
  4407 | D:4      | Reached XP level 6. HP: 17/40 MP: 0/0
  5090 | D:4      | Reached XP level 7. HP: 30/45 MP: 0/0
  5090 | D:4      | Learned a level 3 spell: Confusing Touch
  5269 | D:4      | Found a staircase to the Ecumenical Temple.
  5303 | D:4      | Reached skill level 6 in Spellcasting
  5309 | Temple   | Entered the Ecumenical Temple
  5435 | Temple   | Became a worshipper of Hepliaklqana the Forgotten
  6435 | D:4      | Noticed Pikel
  6453 | D:4      | Killed Pikel
  6454 | D:4      | Reached skill level 7 in Spellcasting
  6454 | D:4      | Reached XP level 8. HP: 25/50 MP: 0/0
  6752 | D:5      | Entered Level 5 of the Dungeon
  7307 | D:4      | Reached skill level 8 in Spellcasting
  7372 | D:5      | Reached skill level 1 in Fighting
  7701 | D:4      | Reached XP level 9. HP: 17/60 MP: 0/0
  7701 | D:4      | Learned a level 4 spell: Hailstorm
  7992 | D:5      | Identified the +3 leather armour "Aluruolou" {-Cast rN+++
                  | Str-5 Dex+9}
  8483 | D:6      | Reached skill level 5 in Fighting
  8743 | D:6      | Noticed Prince Ribbit
  8755 | D:6      | Killed Prince Ribbit
  9160 | D:7      | Reached * piety under Hepliaklqana
  9331 | D:7      | Noticed Harold
  9590 | D:7      | Reached XP level 10. HP: 65/69 MP: 0/0
  9899 | D:7      | Found a glowing golden altar of the Shining One.
 10720 | D:8      | Reached skill level 5 in Dodging
 10984 | D:8      | Found a flagged portal.
 11266 | Bailey   | Entered a bailey
 11687 | Bailey   | Noticed an orc knight
 11713 | Bailey   | Killed an orc knight
 11833 | Bailey   | Found an iron altar of Okawaru.
 12198 | D:8      | Reached XP level 11. HP: 69/75 MP: 0/0
 12198 | D:8      | Learned a level 4 spell: Dispel Undead
 12411 | D:8      | Reached ** piety under Hepliaklqana
 12427 | D:8      | Remembered your ancestor Sizwe as a knight
 12840 | D:9      | Reached skill level 9 in Spellcasting
 13347 | D:9      | Identified the +8 war axe of the Howling Whale {holy,
                  | Dex+8}
 13420 | D:9      | Found a staircase to the Orcish Mines.
 13449 | D:9      | Found Razip's Armour Boutique.
 14543 | D:10     | Entered Level 10 of the Dungeon
 14566 | D:9      | Reached skill level 10 in Spellcasting
 15102 | D:10     | Noticed a death yak
 15264 | D:10     | Killed a death yak
 15633 | D:10     | Found a staircase to the Lair.
 15635 | D:10     | Noticed a death yak
 15635 | D:10     | Noticed a death yak
 15662 | D:10     | Killed a death yak
 15664 | D:10     | Killed a death yak
 15665 | D:10     | Reached skill level 11 in Spellcasting
 16144 | D:11     | Reached XP level 12. HP: 69/80 MP: 0/0
 16446 | D:11     | Noticed an eight-headed hydra
 16459 | D:11     | Killed an eight-headed hydra
 16524 | D:11     | Found a viscous altar of Jiyva.
 16598 | D:11     | Reached *** piety under Hepliaklqana
 16668 | D:11     | Noticed a death yak
 16673 | D:11     | Reached skill level 12 in Spellcasting
 16675 | D:11     | Killed a death yak
 16873 | D:11     | Found a transporter.
 16877 | D:11     | Found a transporter.
 16955 | D:11     | Noticed a great orb of eyes
 17379 | D:12     | Noticed a two-headed ogre
 17385 | D:12     | Killed a two-headed ogre
 17631 | D:12     | Reached **** piety under Hepliaklqana
 17767 | D:12     | You are sucked into a shaft and drop 3 floors!
 17767 | D:15     | Entered Level 15 of the Dungeon
 17783 | D:15     | Noticed a centaur warrior
 17803 | D:15     | Noticed a tengu warrior
 17994 | D:14     | Reached skill level 10 in Fighting
 18013 | D:14     | Noticed a two-headed ogre
 18017 | D:14     | Noticed a swamp dragon
 18017 | D:14     | a two-headed ogre changed into a swamp dragon
 18020 | D:14     | Noticed a boulder beetle
 18022 | D:14     | Killed a swamp dragon
 18059 | D:14     | Reached XP level 13. HP: 41/88 MP: 0/0
 18059 | D:14     | Learned a level 5 spell: Lightning Bolt
 18075 | D:14     | Killed a boulder beetle
 18150 | D:14     | Noticed a seven-headed hydra
 18157 | D:14     | Killed a seven-headed hydra
 18276 | D:14     | Noticed a centaur warrior
 18284 | D:14     | Killed a centaur warrior
 18551 | D:13     | Found Mathet's Firing Range.
 18662 | D:13     | Noticed a centaur warrior
 18667 | D:13     | Killed a centaur warrior
 18672 | D:13     | Noticed a centaur warrior
 18679 | D:13     | Killed a centaur warrior
 18762 | D:13     | Noticed a four-headed hydra
 18764 | D:13     | Noticed an eight-headed hydra
 18775 | D:13     | Killed a four-headed hydra
 18778 | D:13     | Killed an eight-headed hydra
 19202 | D:14     | Found a gate to the Vaults.
 19220 | D:14     | Reached ***** piety under Hepliaklqana
 19281 | D:14     | Found a snail-covered altar of Cheibriados.
 19633 | Lair:1   | Entered Level 1 of the Lair of Beasts
 20062 | Lair:1   | Reached XP level 14. HP: 99/100 MP: 0/0
 20232 | Lair:1   | Reached skill level 15 in Fighting
 21701 | Lair:3   | Reached skill level 13 in Spellcasting
 21925 | Lair:3   | Found a frozen archway.
 22042 | IceCv    | Entered an ice cave
 22580 | IceCv    | Noticed a white draconian
 22588 | IceCv    | Reached skill level 10 in Dodging
 22600 | IceCv    | Killed a white draconian
 22670 | IceCv    | Identified the ring "Osedufyn" {rElec rPois rF+ Will+ rCorr
                  | SInv}
 23259 | Lair:3   | Reached ****** piety under Hepliaklqana
 23516 | Lair:4   | Found a staircase to the Swamp.
 24212 | Lair:4   | Found a staircase to the Snake Pit.
 24815 | Lair:5   | Found a staircase to the Slime Pits.
 25298 | Lair:6   | Entered Level 6 of the Lair of Beasts
 25305 | Lair:6   | Reached XP level 15. HP: 96/108 MP: 0/0
 25305 | Lair:6   | Learned a level 6 spell: Conjure Ball Lightning
 25508 | Lair:6   | Reached skill level 14 in Spellcasting
 26124 | Lair:6   | Identified the amulet of Tucaxz Reriy {Spirit rC+ Regen+}
 26178 | Lair:6   | Reached skill level 15 in Spellcasting
 26265 | Lair:6   | Found a corrupted altar of Lugonu.
 26265 | Lair:6   | Found a one-way gate to the infinite horrors of the Abyss.
 26936 | Orc:1    | Entered Level 1 of the Orcish Mines
 27228 | Orc:2    | Entered Level 2 of the Orcish Mines
 27294 | Orc:2    | Noticed an orc warlord
 27364 | Orc:2    | Killed an orc warlord
 27365 | Orc:2    | Reached XP level 16. HP: 92/113 MP: 0/0
 27845 | Orc:2    | Found a staircase to the Elven Halls.
 27865 | Orc:2    | Found Esmaxta's Armour Emporium.
 28275 | Orc:2    | Found Niexkoh's Distillery.
 28275 | Orc:2    | Found Xeppob's Assorted Antiques.
 28279 | Orc:2    | Found Gitiole's Jewellery Shoppe.
 28279 | Orc:2    | Found Erhut's Book Shop.
 28285 | Orc:2    | Bought a scroll of teleportation for 84 gold pieces
 28285 | Orc:2    | Bought a scroll of blinking for 210 gold pieces
 28293 | Orc:2    | Bought the ring of Recklessness {rPois Int+6 Dex+9} for
                  | 1151 gold pieces
 28520 | Orc:1    | Reached skill level 16 in Spellcasting
 28916 | D:11     | Identified a scroll of acquirement
 28916 | D:11     | Acquired the +2 pair of gloves of the Hidden Vale {*Slow
                  | rPois rC+ Regen+}
 29019 | D:12     | Noticed Frances
 29024 | D:12     | Killed Frances
 29075 | D:12     | Found Faca's Antique Armour Boutique.
 29204 | D:12     | Noticed Kirke
 29210 | D:12     | Killed Kirke
 29402 | D:15     | Found a staircase to the Depths.
 29481 | D:15     | Found an iron altar of Okawaru.
 29759 | Snake:1  | Entered Level 1 of the Snake Pit
 29801 | Swamp:1  | Entered Level 1 of the Swamp
 29804 | Swamp:1  | Noticed Donald
 29828 | Swamp:1  | HP: 5/113 [goliath frog (6)]
 29828 | Swamp:1  | HP: 1/113 [acid (4)]
 29828 | Swamp:1  | Mangled by an eleionoma

Illustrated notes

Levels and vault maps discovered:
D:1:      nicolae_arrival_somewhat_less_tricky_arrival, layout_rooms,
          grunt_decor_arrowhead
D:2:      layout_basic, shapermc_ecumenical_altar_starsandcircs,
          minmay_pentomino_pile
D:3:      layout_loops_ring, serial_shops, shop
D:4:      layout_basic, temple_pool_b, nicolae_ossuary_entry_catacombs,
          uniq_pikel
D:5:      layout_cave_pools, minmay_misc_feat_ornament
D:6:      layout_basic, ebering_ghost_inner_flame, uniq_prince_ribbit1
D:7:      layout_basic, lemuel_coloured_pillars_altar, uniq_harold
D:8:      layout_cave_pools, lightli_bailey_entry_fortress
D:9:      layout_rooms, orc_david_3, kennysheep_cross_room, st_stairs_3
D:10:     layout_roguey, dpeg_lair_monsters, grunt_ministairs_9,
          roderic_lattice_a
D:11:     gammafunk_jiyva_shrine, layout_gridville, serial_ice, serial_ice_n,
          serial_ice_g, serial_ice_i, serial_ice_b
D:12:     layout_loops_ring, serial_shops, shop, uniq_kirke, uniq_frances
D:13:     layout_basic, hex_medium, nicolae_shop_firing_range
D:14:     layout_big_octagon, david_vaults_1, cheibriados_altar_1,
          kennysheep_donut
D:15:     hangedman_depths_entry_try_elsewhere_first, layout_rooms,
          led_sif_pool, okawaru_ov_weapons_minmay
Temple:   kilobyte_greek_temple
Lair:1:   layout_cellular_growth
Lair:2:   layout_cave_pods, serial_forest, infiniplex_forest_clump_tiny,
          infiniplex_forest_corner_1, infiniplex_forest_straight_3,
          infiniplex_forest_lined_3_way, infiniplex_forest_clump_C,
          infiniplex_forest_lined_corner, infiniplex_forest_clump_cross,
          infiniplex_forest_straight_2
Lair:3:   layout_cave_pods, portal_ice_cave_entry_pillars_1
Lair:4:   layout_regular_city, minmay_swamp_entry_wisps, dummy_snake_entry
Lair:5:   layout_loops_ring, dpeg_slime_entry_corner,
          kennysheep_abandoned_house, serial_bayou_shore_a
Lair:6:   hellmonk_lair_end_abyssal_woods, layout_loops_ring, lemuel_fruit_tree,
          grunt_megastairs_3
Swamp:1:  layout_falls_marsh, evilmike_swamp_ruin_house_6, uniq_donald
Snake:1:  layout_misc_corridors, basic_altar, nicolae_snake_salamander_jacuzzi,
          uniq_rupert
Orc:1:    layout_caves, lightli_volcano_entry_magma_tube
Orc:2:    grunt_orc_tribal_feast, layout_caves, serial_shops, shop

Skill      XL: |  1  2  3  4  5  6  7  8  9 10 11 12 13 14 15 16 |
---------------+-------------------------------------------------+-----
Spellcasting   | 3 4 5 7 8 11 12 13 15 16 | 16.0
Fighting       | 3 8 9 10 14 15 | 15.0
Dodging        | 8 12 14 | 14.0
Stealth        | 4 |  4.2

Action                   |  1- 3 |  4- 6 |  7- 9 | 10-12 | 13-15 | 16-18 || total
-------------------------+-------+-------+-------+-------+-------+-------++-------
Melee: Dagger            |     1 |       |       |       |       |       ||     1
       Long sword        |       |     9 |     3 |     1 |     5 |     1 ||    19
 Cast: Magic Dart        |    68 |   134 |   106 |   167 |    24 |    10 ||   509
       Slow              |       |    12 |    34 |   104 |    58 |    10 ||   218
       Call Imp          |       |     4 |       |       |       |       ||     4
       Searing Ray       |       |     2 |    16 |    11 |     2 |       ||    31
       Blink             |       |     3 |     1 |     2 |     2 |     5 ||    13
       Mephitic Cloud    |       |       |     2 |     1 |     9 |     1 ||    13
       Conjure Flame     |       |       |     2 |       |       |       ||     2
       Hailstorm         |       |       |    14 |   139 |   181 |    77 ||   411
       Lightning Bolt    |       |       |       |       |   264 |    17 ||   281
       Conjure Ball Ligh |       |       |       |       |     8 |     1 ||     9
       Confusing Touch   |       |       |       |       |     1 |       ||     1
Invok: Recall Ancestor   |       |       |       |     7 |     3 |       ||    10
       Ancestor Life: Kn |       |       |       |     1 |       |       ||     1
       Transference      |       |       |       |       |     1 |       ||     1
  Use: Scroll            |       |       |     9 |     9 |     6 |     6 ||    30
       Potion            |       |       |       |       |     1 |       ||     1
 Stab: Sleeping          |       |     2 |       |       |       |       ||     2
Armor: Robe              |       |     8 |     2 |     1 |       |     7 ||    18
       Steam dragon scal |       |       |       |     2 |       |       ||     2
       Acid dragon scale |       |       |       |     3 |    18 |       ||    21
Dodge: Dodged            |    13 |    21 |    32 |   123 |   216 |    41 ||   446
       Repelled          |       |       |       |     3 |     4 |     3 ||    10
